 Dungeon Crawl Stone Soup version 0.27.1-33-g824d729ab1 (webtiles) character file.

Game seed: 1121057534218028891

26 safid the Skirmisher (level 3, -3/33 HPs)
             Began as a Hill Orc Fighter on Dec 21, 2021.
             Slain by a gnoll (5 damage)
             ... on level 2 of the Dungeon.
             The game lasted 00:01:38 (1326 turns).

safid the Skirmisher (Hill Orc Fighter)             Turns: 1326, Time: 00:01:39

Health: -3/33      AC: 11    Str: 19    XL:     3   Next: 8%
Magic:  3/3        EV:  3    Int:  8    God:
Gold:   9          SH:  9    Dex: 10    Spells: 2/2 levels left

rFire    . . .     SeeInvis .   a - +0 war axe
rCold    . . .     Faith    .   c - +0 kite shield
rNeg     . . .     Spirit   .   g - +0 plate armour
rPois    .         Reflect  .   (no helmet)
rElec    .         Harm     .   (no cloak)
rCorr    .         Rampage  .   (no gloves)
Will     .....                  (no boots)
Stlth    ..........             (no amulet)
HPRegen  0.11/turn              (no ring)
MPRegen  0.08/turn              (no ring)

@: no status effects
A: no striking features
a: no special abilities


You were on level 2 of the Dungeon.
You visited 1 branch of the dungeon, and saw 2 of its levels.

You collected 9 gold pieces.

Inventory:

Hand Weapons
 a - a +0 war axe (weapon)
Armour
 c - a +0 kite shield (worn)
 g - a +0 plate armour (worn)
Scrolls
 e - a scroll of acquirement {unknown}
Potions
 b - 2 potions of curing {unknown}
 d - a potion of might
 f - a potion of flight {unknown}


   Skills:
 - Level 4.0 Fighting
 + Level 3.3 Axes
 + Level 3.6 Armour
 + Level 3.7 Shields


You had 2 spell levels left.
You didn't know any spells.
Your spell library contained the following spells:

 Spells                   Type           Power      Damage    Failure   Level
 Animate Skeleton         Necr           0%         N/A       100%        1
 Apportation              Tloc           0%         N/A       100%        1
 Corona                   Hex            0%         N/A       100%        1
 Summon Small Mammal      Summ           0%         N/A       100%        1


Dungeon Overview and Level Annotations

Branches:
Dungeon (2/15)

Altars:


Message History

You rip the net and break free!
The gnoll hits you from afar with a +0 halberd!
You block the gnoll's attack.
The gnoll hits you from afar with a +0 halberd.
The gnoll hits you but does no damage.
You see here a ball python corpse.
The gnoll hits you from afar with a +0 spear.
There is a stone staircase leading up here.
The gnoll barely misses you.
You climb upwards.
There is a stone staircase leading down here.
You start resting.
HP restored.
You climb downwards.
There is a stone staircase leading up here.
The gnoll hits you from afar with a +0 spear.
You block the gnoll's attack.
The gnoll hits you from afar with a +0 halberd!
You slash the gnoll!
The gnoll is severely wounded.
The gnoll hits you but does no damage. You block the gnoll's attack.
The gnoll hits you with a +0 spear. You block the gnoll's attack.
Unknown command.
You closely miss the gnoll.
The gnoll is severely wounded.
The gnoll barely misses you. You block the gnoll's attack.
Unknown command.
You hit the gnoll.
The gnoll is severely wounded.
You block the gnoll's attack.
The gnoll hits you from afar with a +0 halberd!
The gnoll hits you but does no damage.
The gnoll hits you from afar with a +0 halberd!
* * * LOW HITPOINT WARNING * * *
You closely miss the gnoll.
The gnoll is severely wounded.
The gnoll hits you with a +0 spear.
* * * LOW HITPOINT WARNING * * *
The gnoll hits you from afar with a +0 halberd.
You die...

#.#.##.#.#.#.g...#
#.#.##.#.#.#####.#
#.#.##.#.#.# ###.#..
#.#.##...#.###...#.#
#.#.######.#.....#.# ....#
#.#.#.#.#.# #.###
#.#....g#.# #.#
#.###.#g#.# .# #.#
#.....#@#.###....
#.##############.........#
.........# #<#.#######
#.######.# ###.# ....# #.#
#.# #.#.####.# #.#
#.#......# #.#
#.################.#
<..................#


You could see 2 gnolls.

Vanquished Creatures
  An adder (D:2)
  2 endoplasms (D:1)
  2 goblins
  2 hobgoblins
  3 ball pythons
  2 bats (D:1)
  A frilled lizard (D:1)
  4 kobolds (D:1)
17 creatures vanquished.

Notes
Turn   | Place    | Note
-------+----------+-------------------------------------------
     0 | D:1      | safid the Hill Orc Fighter began the quest for the Orb.
     0 | D:1      | Reached XP level 1. HP: 19/19 MP: 1/1
   457 | D:1      | Reached XP level 2. HP: 27/27 MP: 2/2
   942 | D:2      | Reached skill level 4 in Fighting
   942 | D:2      | Reached XP level 3. HP: 24/33 MP: 3/3
  1326 | D:2      | Slain by a gnoll

Illustrated notes

Levels and vault maps discovered:
D:1:      psy_arrival_statuary, layout_loops_ring
D:2:      layout_basic

Skill      XL: |  1  2 |
---------------+-------+-----
Axes           | 3 |  3.3
Fighting       | 4 |  4.0
Armour         | |  3.6
Shields        | |  3.7

Action                   || total
-------------------------++-------
Melee: War axe           ||    48
Armor: Scale mail        ||    12
       Plate armour      ||    18
Dodge: Dodged            ||    15
Block: Kite shield       ||    28
